 Dungeon Crawl Stone Soup version 0.29-a0-284-gf9362112df (webtiles) character file.

Game seed: 7145242542310010360

81 mistaj the Skirmisher (level 4, 0/24 HPs)
             Began as a Vine Stalker Monk on Mar 23, 2022.
             Succumbed to a water moccasin's poison
             ... on level 3 of the Dungeon.
             The game lasted 00:03:30 (2245 turns).

mistaj the Skirmisher (Vine Stalker Monk)           Turns: 2245, Time: 00:03:31

Health: 0/24       AC:  8    Str: 15    XL:     4   Next: 40%
Magic:  7/8        EV:  7    Int: 10    God:
Gold:   124        SH:  0    Dex: 17    Spells: 7/7 levels left

rFire   . . .      SeeInvis .   a - +0 short sword
rCold   . . .      Faith    .   (no shield)
rNeg    . . .      Spirit   +   f - +0 chain mail
rPois   .          Reflect  .   (no helmet)
rElec   .          Harm     .   (no cloak)
rCorr   .          Rampage  .   (no gloves)
Will    .....                   (no boots)
Stlth   ..........              (no amulet)
HPRegen 0.88/turn               (no ring)
MPRegen 0.11/turn               (no ring)

@: lethally poisoned (0 -> -2)
A: fangs 2, regeneration 1, magic shield, antimagic bite, no potion heal 2
a: no special abilities


You were on level 3 of the Dungeon.
You visited 1 branch of the dungeon, and saw 3 of its levels.

You collected 124 gold pieces.

Inventory:

Hand Weapons
 a - a +0 short sword (weapon)
Armour
 f - a +0 chain mail (worn)
Jewellery
 b - a ring of poison resistance
 k - a ring of fire
Scrolls
 g - 2 scrolls of teleportation {unknown}
 i - a scroll of identify {unknown}
 l - 2 scrolls of blinking {unknown}
 n - a scroll of vulnerability {unknown}
 o - a scroll of fog {unknown}
 p - a scroll of enchant weapon {unknown}
Potions
 c - a potion of ambrosia
 d - a potion of attraction {unknown}
 e - a potion of curing {unknown}
 h - 2 potions of heal wounds {unknown}
 j - a potion of lignification {unknown}
 m - a potion of mutation {unknown}
 q - a potion of resistance {unknown}


   Skills:
 + Level 3.4 Fighting
 + Level 3.4 Short Blades
 - Level 2.4 Dodging
 - Level 2.4 Stealth
 + Level 2.1 Spellcasting


You had 7 spell levels left.
You didn't know any spells.
Your spell library contained the following spells:

 Spells                   Type           Power      Damage    Failure   Level
 Apportation              Tloc           2%         N/A       100%        1
 Pain                     Necr           4%         1d4       100%        1
 Slow                     Hex            4%         N/A       100%        1
 Ensorcelled Hibernation  Hex/Ice        2%         N/A       100%        2
 Confusing Touch          Hex            1%         N/A       100%        3
 Spider Form              Tmut/Pois      1%         N/A       100%        3
 Tukima's Dance           Hex            1%         N/A       100%        3
 Vampiric Draining        Necr           1%         2d6       100%        3
 Anguish                  Hex/Necr       0%         N/A       100%        4
 Agony                    Necr           1%         N/A       100%        5
 Alistair's Intoxication  Tmut/Pois      0%         N/A       100%        5
 Excruciating Wounds      Necr           0%         N/A       100%        5
 Enfeeble                 Hex            0%         N/A       100%        7


Dungeon Overview and Level Annotations

Branches:
Dungeon (3/15)

Altars:
Elyvilon


Innate Abilities, Weirdness & Mutations

You have extremely sharp teeth.
Your natural rate of healing is unusually fast.
When hurt, damage is shared between your health and your magic reserves.
Your bite disrupts and absorbs the magic of your enemies.
Potions cannot restore your health.


Message History

You hit the water moccasin. Your bite misses the water moccasin.
The water moccasin is lightly wounded.
You feel very sick.
The water moccasin bites you but does no damage. x2
You hit the water moccasin.
The water moccasin is lightly wounded.
You feel sick. The water moccasin bites you.
You are more poisoned.
The water moccasin poisons you!
You hit the water moccasin. Your bite misses the water moccasin.
The water moccasin is heavily wounded.
You feel very sick. The water moccasin bites you.
You are too injured to fight recklessly!
You are too injured to fight recklessly!
You hit the water moccasin. You bite the water moccasin. You drain its power.
You feel invigorated.
The water moccasin is severely wounded.
* * * LOW HITPOINT WARNING * * *
You feel very sick.
The water moccasin bites you but does no damage.
The water moccasin bites you.
You closely miss the water moccasin. You bite the water moccasin.
You drain its power.
You feel invigorated.
The water moccasin is severely wounded.
* * * LOW HITPOINT WARNING * * *
You feel very sick.
The water moccasin bites you but does no damage.
You hit the water moccasin.
The water moccasin is severely wounded.
* * * LOW HITPOINT WARNING * * *
You feel sick. The water moccasin closely misses you.
You barely miss the water moccasin.
You bite the water moccasin, but do no damage.
The water moccasin is severely wounded.
* * * LOW HITPOINT WARNING * * *
You feel sick. The water moccasin bites you.
You completely miss the water moccasin.
The water moccasin is severely wounded.
You die...

#. ####.#.#.# #.#
........## ...
........##
#.###.##........##
#.....^..........#
#.........#
#........#
#S##.##.##
#@##.##.#######
#.##..........#
..###.#.......#
...# #.#.......#
##### #.#.......#
#.#.......#
#.#.......#
#.#.......#
#.####.####


You could see a water moccasin.

Vanquished Creatures
  2 adders (D:2)
  3 dart slugs
  3 ball pythons
  3 endoplasms
  2 giant cockroaches
  7 hobgoblins
  2 jackals (D:1)
  3 quokkas
  8 bats
  2 frilled lizards (D:1)
  7 goblins
  7 kobolds
  5 rats
54 creatures vanquished.

Notes
Turn   | Place    | Note
-------+----------+-------------------------------------------
     0 | D:1      | mistaj the Vine Stalker Monk began the quest for the Orb.
     0 | D:1      | Reached XP level 1. HP: 11/11 MP: 2/2
   176 | D:1      | Reached XP level 2. HP: 16/16 MP: 2/4
   271 | D:1      | Reached skill level 1 in Spellcasting
   575 | D:1      | Reached XP level 3. HP: 20/20 MP: 5/5
   869 | D:1      | Found a faded altar of an unknown god.
  1588 | D:1      | Gained mutation: Your natural rate of healing is unusually
                  | fast. [Vine Stalker growth]
  1588 | D:1      | Reached XP level 4. HP: 5/24 MP: 5/7
  1735 | D:2      | Found a white marble altar of Elyvilon.
  2229 | D:3      | Noticed a water moccasin
  2244 | D:3      | HP: 1/24 [poisoned by a water moccasin]
  2245 | D:3      | Succumbed to a water moccasin's poison

Illustrated notes

Levels and vault maps discovered:
D:1:      onia_arrival_mini_maze, layout_rooms, shapermc_ecumenical_altar_petra
D:2:      layout_loops_cross, basic_altar, minmay_goblin_kobold_house
D:3:      layout_loops_ring, marbit_many_paths, chequers_hall_statues_corner_a,
          minmay_misc_feat_secret_circle

Skill      XL: |  1  2  3  4 |
---------------+-------------+-----
Fighting       | 3 |  3.4
Spellcasting   | 1 2 |  2.1
Short Blades   | 3 |  3.4
Dodging        | |  2.4
Stealth        | |  2.4

Action                   |  1- 3 |  4- 6 || total
-------------------------+-------+-------++-------
Melee: Short sword       |    99 |    53 ||   152
       Bite              |    24 |    14 ||    38
 Stab: Sleeping          |     4 |       ||     4
Armor: Robe              |     8 |       ||     8
       Chain mail        |    30 |    26 ||    56
Dodge: Dodged            |    51 |    17 ||    68

Table legend: (Time is in decaauts)
 A = Elapsed time spent in this place.
 B = Non-inter-level travel time spent in this place.
 C = Inter-level travel time spent in this place.
 D = Time resting spent in this place.
 E = Time spent auto-exploring this place.
 F = Levels seen in this place.
 G = Mean time per level.
                   A        B        C        D        E       F      G
               +--------+--------+--------+--------+--------+-----+--------+
         Total |   2236 |   2164 |     72 |    656 |    999 |   3 |  745.3 |
       Dungeon |   2236 |   2164 |     72 |    656 |    999 |   3 |  745.3 |
               +--------+--------+--------+--------+--------+-----+--------+

Top non-repeatable levels by time:
     D:2: 1036 daAuts
     D:1: 1016 daAuts
     D:3: 183 daAuts
